 Dungeon Crawl Stone Soup version 0.17-a0-1582-ge6b0260 (webtiles) character file.

109 urechis the Conjurer (level 4, -1/24 HPs)
             Began as a Gargoyle Wizard on July 27, 2015.
             Killed by nerve-wracking pain
             ... invoked by Grinder
              (6 damage)
             ... on level 3 of the Dungeon.
             The game lasted 00:04:00 (1882 turns).

urechis the Conjurer (Gargoyle Wizard)              Turns: 1882, Time: 00:04:01

Health: -1/24      AC: 13    Str: 11    XL:     4   Next: 90%
Magic:  0/9        EV: 11    Int: 19    God:
Gold:   112        SH:  0    Dex:  8    Spells: 1 memorised, 9 levels left

rFire  . . .     SeeInvis .     p - +2 dagger (venom)
rCold  . . .     Clarity  .     m - +2 leather armour {rN+}
rNeg   + + .     SustAt   .     (no shield)
rPois  ∞         Gourm    .     e - +0 helmet
rElec  +         Spirit   .     b - +0 cloak (curse)
rCorr  .         Warding  .     (no gloves)
rMut   .         Stasis   .     j - +2 pair of boots
MR     .....                    (no amulet)
Stlth  +.........               (no ring)
                                (no ring)

@: very slightly contaminated, not resistant to hostile enchantments, very
unstealthy
A: negative energy resistance 1, electricity resistance, unbreathing,
petrification resistance, rot immunity, AC +3
a: no special abilities


You were on level 3 of the Dungeon.
You were not hungry.

You visited 1 branch of the dungeon, and saw 3 of its levels.

You collected 112 gold pieces.

Inventory:

Hand weapons
 p - a +2 dagger of venom (weapon)
Armour
 b - a cursed +0 cloak (worn)
 e - a +0 helmet (worn)
 j - a +2 pair of boots (worn)
 m - a +2 leather armour of positive energy (worn)
Scrolls
 a - a scroll of fog {unknown}
 f - 4 scrolls of identify {unknown}
 i - a scroll of immolation {unknown}
 o - a scroll of remove curse {unknown}
 q - a scroll of teleportation {unknown}
Potions
 g - a potion of cancellation {unknown}
 h - 2 potions of brilliance {unknown}
 k - a potion of resistance {unknown}
Books
 c - a book of Minor Magic

   Spells                             Type                      Level
   a - Magic Dart                     Conjuration                  1
   b - Blink                          Translocation                2
   c - Call Imp                       Summoning                    2
   d - Repel Missiles                 Charms/Air                   2
   e - Slow                           Hexes                        2
   f - Conjure Flame                  Conjuration/Fire             3
   g - Mephitic Cloud                 Conjuration/Poison/Air       3
 r - a Grand Grimoire

   Spells                             Type                      Level
   a - Monstrous Menagerie            Summoning                    6
   b - Summon Greater Demon           Summoning                    7
   c - Malign Gateway                 Summoning/Translocation      7
   d - Summon Horrible Things         Summoning                    8
Comestibles
 d - 3 bread rations
 l - 2 meat rations
 n - 3 fruits


   Skills:
 - Level 1.5 Dodging
 - Level 2.1 Stealth
 + Level 3.7 Spellcasting
 * Level 4.1 Conjurations
   Level 0.8 Summonings
   Level 0.8 Translocations


You had 9 spell levels left.
You knew the following spells:

 Your Spells              Type           Power        Failure   Level  Hunger
a - Magic Dart            Conj           ###.         3%          1    None


Dungeon Overview and Level Annotations

Branches:
Dungeon (3/15)

Altars:

Annotations:
D:3 Grinder


Innate Abilities, Weirdness & Mutations

You are resistant to torment.
Your stone body is resilient (AC +3).
You are immune to poison.
You resist negative energy.
You are resistant to electric shocks.
You can survive without breathing.
You are immune to petrification.
You are immune to rotting.


Message History

Aiming: Magic Dart
Press: ? - help, Shift-Dir - straight line, f/p - Grinder
Aim: Grinder (severely wounded)
The magic dart hits Grinder.
Grinder is severely wounded.
Grinder hits you but does no damage.
You see here a club.
Casting: Magic Dart
Confirm with . or Enter, or press ? or * to list all spells.
Aiming: Magic Dart
Press: ? - help, Shift-Dir - straight line, f/p - Grinder
Aim: Grinder (severely wounded)
You miscast Magic Dart.
You are very lightly contaminated with residual magic.
Your skin tingles.
Grinder gestures at you. You resist with significant effort.
Grinder gestures at you. Pain shoots through your body!
You die...

.#. .. #.# #.# #.#
#.##.## #.# #.# #.....#
#.#
####.##########..####.#
#................#....#
#.## #######...##.#
#..# ######.#
#..######### #.#
#..5)..@...#######†#
#.########.........#
..## ########### ###


You could see Grinder.

Vanquished Creatures
  Terence (D:3)
  3 adders
  2 worms (D:2)
  3 giant geckos
  A ball python (D:2)
  8 bats
  7 goblins
  5 hobgoblins
  2 jackals (D:2)
  10 kobolds
  A quokka (D:2)
  3 giant cockroaches (D:1)
  4 giant newts
  5 rats (D:1)
55 creatures vanquished.

Notes
Turn   | Place    | Note
--------------------------------------------------------------
     0 | D:1      | urechis the Gargoyle Wizard began the quest for the Orb.
     0 | D:1      | Reached XP level 1. HP: 10/10 MP: 4/4
   156 | D:1      | Reached XP level 2. HP: 15/15 MP: 0/6
   640 | D:1      | Reached XP level 3. HP: 13/19 MP: 7/7
  1503 | D:2      | Reached XP level 4. HP: 24/24 MP: 9/9
  1566 | D:3      | Noticed Terence
  1790 | D:3      | Killed Terence
  1790 | D:3      | Reached skill level 4 in Conjurations
  1853 | D:3      | Noticed Grinder
  1864 | D:3      | Paralysed by Grinder for 7 turns
  1882 | D:3      | Killed from afar by Grinder

Vault maps used:
D:1:      lightli_arrival_chessboard
D:2:      fountainhead, st_stairs_6
D:3:      nicolae_ru_great_annihilating_truth, minmay_ruptured, uniq_terence,
          uniq_grinder

Action                   |  1- 3 |  4- 6 || total
-------------------------+-------+-------++-------
Melee: Dagger            |    33 |    55 ||    88
       Unarmed           |     1 |       ||     1
       Short sword       |    95 |       ||    95
 Cast: Magic Dart        |    31 |    11 ||    42
 Stab: Sleeping          |       |     1 ||     1
  Eat: Chunk             |     2 |     1 ||     3
